 Dungeon Crawl Stone Soup version 0.28.0-62-gf88900778d (webtiles) character file.

Game seed: 7818123248474114213

7 Coron the Sneak (level 1, 0/20 HPs)
             Began as a Deep Dwarf Delver on Mar 30, 2023.
             Slain by an adder (3 damage)
             ... in a sewer.
             The game lasted 00:01:39 (172 turns).

Coron the Sneak (Deep Dwarf Delver)                  Turns: 172, Time: 00:01:40

Health: 0/20       AC:  3    Str: 15    XL:     1   Next: 83%
Magic:  1/1        EV: 12    Int: 10    God:
Gold:   0          SH:  0    Dex: 14    Spells: 0/0 levels left

rFire   . . .      SeeInvis .   a - +0 hand axe
rCold   . . .      Faith    .   (no shield)
rNeg    . . .      Spirit   .   b - +0 leather armour
rPois   .          Reflect  .   (no helmet)
rElec   .          Harm     .   (no cloak)
rCorr   .          Rampage  .   (no gloves)
Will    .....                   (no boots)
Stlth   +++.......              (no amulet)
HPRegen 0.00/turn               (no ring)
MPRegen 0.07/turn               (no ring)

@: lethally poisoned (0 -> 0)
A: damage resistance, heal wounds, sense surroundings 1, no regeneration
a: Heal Wounds


You were in a sewer.
You visited 1 branch of the dungeon, and saw 3 of its levels.
You also visited: Sewer.

Inventory:

Hand Weapons
 a - a +0 hand axe (weapon)
Armour
 b - a +0 leather armour (worn)
 h - a +0 chain mail
Wands
 g - a wand of digging (3)
Scrolls
 c - a scroll of fog
 d - a scroll of magic mapping
Potions
 f - a potion of haste


   Skills:
 + Level 2.8 Fighting
 + Level 2.4 Axes
 + Level 0.8 Armour
 - Level 2.1 Dodging
 - Level 6.0 Stealth


You couldn't memorise any spells.
You didn't know any spells.
Your spell library was empty.

Dungeon Overview and Level Annotations

Branches:
Dungeon (7/15)              Sewer (1/1)
 Temple: D:4-7

Altars:

Annotations:
D:5 Grinder


Innate Abilities, Weirdness & Mutations

You are resistant to damage.
You can heal yourself by infusing magical energy.
You passively map a small area around you.
You do not regenerate.


Message History

The rat closely misses you. The adder bites you.
The river rat closely misses you. The adder misses you. The rat bites you. x2
You barely miss the adder.
The adder is lightly wounded.
You closely miss the rat. You hit the river rat but do no damage.
You closely miss the rat. You miss the adder. The adder misses you.
The adder closely misses you. The river rat bites you.
The rat bites you but does no damage. The adder bites you. The rat bites you.
Unknown command.
You hit the adder.
The adder is heavily wounded.
You hit the adder. You hit the rat.
You kill the rat!
You hit the river rat. You closely miss the rat.
The adder completely misses you. The river rat closely misses you.
The adder bites you. The rat barely misses you.
The adder bites you but does no damage. The river rat barely misses you.
You hit the adder.
The adder is severely wounded.
You hit the adder. You hit the river rat. You hit the rat.
You kill the rat!
The adder barely misses you. The adder bites you.
You are poisoned.
The adder poisons you! The adder barely misses you. The river rat bites you.
You hit the adder.
The adder is almost dead.
You closely miss the adder. You closely miss the river rat.
The adder bites you.
* * * LOW HITPOINT WARNING * * *
The adder bites you but does no damage. x2
The river rat bites you but does no damage.
You barely miss the adder.
The adder is almost dead.
You hit the river rat. You hit the adder. The adder bites you.
The adder barely misses you. The adder misses you. The river rat misses you.
Unknown command.
You fail to use your ability.
The adder bites you.
* * * LOW HITPOINT WARNING * * *
The adder barely misses you. The river rat misses you. The adder bites you.
You die...

### ###...
####......
##.........
,**
#.......#*
,
##.†r†..#*
** *
#...@S.#
#.≈††S.#
#≈≈≈≈≈≈#
#≈≈≈≈≈≈# *
#≈≈≈≈≈≈# *
≈ #≈≈≈≈≈≈#
≈ #≈≈≈≈≈≈#
* #≈≈#≈.≈#
#≈≈≈≈≈≈#


You could see 2 adders and a river rat.

Vanquished Creatures
  An orc (D:7)
  7 rats (Sewer)
8 creatures vanquished.

Vanquished Creatures (others)
  20 fungi (D:5)
20 creatures vanquished.

Grand Total: 28 creatures vanquished

Notes
Turn   | Place    | Note
-------+----------+-------------------------------------------
     0 | D:5      | Coron the Deep Dwarf Delver began the quest for the Orb.
     0 | D:5      | Reached XP level 1. HP: 20/20 MP: 1/1
     1 | D:5      | Noticed Grinder
    50 | D:5      | You fall into a shaft and drop 2 floors!
    50 | D:7      | Noticed an orc warrior
    86 | D:6      | Noticed a phantom
    93 | D:6      | Noticed an iguana
   132 | D:6      | Found a glowing drain.
   141 | Sewer    | Entered a sewer
   172 | Sewer    | Slain by an adder

Illustrated notes

Levels and vault maps discovered:
D:5:      layout_loops_ring, gammafunk_ghost_abyssal_escape, serial_aquarium,
          aquarium_bridge_island_small [aquarium_subvault_small_open,
          aquarium_subvault_bridge, aquarium_subvault_bridge,
          aquarium_subvault_window, aquarium_subvault_balcony],
          aquarium_bridge_long_joined [aquarium_subvault_window,
          aquarium_subvault_bridge, aquarium_subvault_wall,
          aquarium_subvault_bridge, aquarium_subvault_bridge,
          aquarium_subvault_bridge], aquarium_window_corner, aquarium_window_1,
          aquarium_window_2, aquarium_window_corner, aquarium_view_2c,
          aquarium_balcony_3b, aquarium_pool_S, uniq_grinder
D:6:      layout_loops_ring, overflow_temple_1_default,
          cheibrodos_sewer_entry_bend, uniq_pikel
D:7:      minmay_chambers_of_sixes, layout_rooms, biasface_ghost_orc_armoury,
          uniq_maggie
Sewer:    sewer_minmay_w

Action                   || total
-------------------------++-------
Melee: Hand axe          ||    23
 Abil: Heal Wounds       ||     2
  Use: Scroll            ||     1
Armor: Leather armour    ||    19
Dodge: Dodged            ||    42
